 Dungeon Crawl Stone Soup version 0.22.0 (webtiles) character file.

182 WytchHunter the Changer (level 5, 22/22 HPs)
             Began as a Felid Transmuter on Aug 13, 2018.
             Quit the game on level 5 of the Dungeon.
             The game lasted 00:18:42 (6582 turns).

WytchHunter the Changer (Felid Transmuter)          Turns: 6582, Time: 00:18:42

Health: 22/22      AC:  2    Str:  6    XL:     5   Next: 34%
Magic:  9/9        EV: 18    Int: 16    God:
Gold:   198        SH:  0    Dex: 17    Spells: 2/8 levels left
                                        Lives:  0   Deaths: 2

rFire    . . .     SeeInvis +     - Unarmed
rCold    . . .     Gourm    .   (shield unavailable)
rNeg     . . .     Faith    .   (armour unavailable)
rPois    .         Spirit   .   (helmet unavailable)
rElec    .         Reflect  .   (cloak unavailable)
rCorr    .         Harm     .   (gloves unavailable)
MR       .....                  (boots unavailable)
Stlth    ++........             (no amulet)
HPRegen  0.07/turn              (no ring)
MPRegen  0.11/turn              (no ring)

@: quick
A: very small, no armour, no weapons or thrown items, stealth, claws 1, fangs 3,
see invisible, carnivore, speed 1, shaggy fur 2, slow metabolism 1, sharp paws
a: no special abilities


You were on level 5 of the Dungeon.
You were not hungry.

You visited 1 branch of the dungeon, and saw 5 of its levels.

You collected 198 gold pieces.

Inventory:

Missiles
 a - 103 arrows
Scrolls
 e - a scroll of magic mapping
 f - a scroll of amnesia
 g - a scroll of holy word {unknown}
 j - a scroll of immolation {unknown}
 k - 4 scrolls of teleportation
Potions
 b - a potion of curing
 d - a potion of lignification
 h - a potion of haste {unknown}
 i - a potion of brilliance {unknown}
Comestibles
 c - 5 rations


   Skills:
 - Level 1.0 Fighting
 - Level 2.6 Dodging
 + Level 5.4 Unarmed Combat
 - Level 2.0 Spellcasting
 - Level 7.2 Transmutations


You had 2 spell levels left.
You knew the following spells:

 Your Spells              Type           Power        Failure   Level  Hunger
a - Spider Form           Tmut/Pois      ##........   14%         3    ###....
b - Beastly Appendage     Tmut           ###...       1%          1    #......
c - Sticks to Snakes      Tmut           ###.....     1%          2    ###....

Your spell library contained the following spells:

 Spells                   Type           Power        Failure   Level  Hunger
 Blade Hands              Tmut           ###.......   30%         5    ######.
 Ice Form                 Ice/Tmut       ##......     43%         4    #####..


Dungeon Overview and Level Annotations

Branches:
Dungeon (5/15)
 Temple: D:4-7

Altars:
Cheibriados
Okawaru
The Shining One


Innate Abilities, Weirdness & Mutations

You cannot wear armour.
You are incapable of wielding weapons or throwing items.
Your paws allow you to move quietly. (Stealth)
You have sharp claws.
You have razor-sharp teeth.
You have supernaturally acute eyesight. (SInv)
You are carnivorous and can eat meat at any time.
You cover ground quickly.
You are covered in thick fur. (AC +2)
You have a slow metabolism.
Your sharp claws are effective at attacking unaware monsters.


Message History

Beogh smites you!
Ouch! That really hurt!
The crimson imp blinks!
Casting: Spider Form (safe; 32% risk of failure)
Confirm with . or Enter, or press ? or * to list all spells.
You miscast Sticks to Snakes.
You are very lightly contaminated with residual magic.
Your front legs glow momentarily.
The crimson imp blinks!
You see here a pair of boots.
The orc priest calls down the wrath of Beogh upon you.
Beogh smites you!
You die...
Your shape twists and changes as you die.
You are now level 5!
Your transformation has ended.
You rejoin the land of the living...
Found 8 gold pieces.
Unknown command.
The crimson imp is too close now for your liking.
Are you sure you want to abandon this character and quit the game? (Confirm with "yes".)

####### #.....#
####.....# #........#
#........#
#.......@################
#.$.......)..5...†..)o[†.
#.......#################
#.......# #.......#
######+## #.#####.#
#.#.....# #.#.#######
#.)........ ###.#######


You could see a crimson imp.

Vanquished Creatures
  A phantom (D:4)
  An ogre (D:4)
  A centaur (D:5)
  A crimson imp (D:4)
  A hound (D:3)
  A bullfrog skeleton (D:4)
  An orc wizard (D:5)
  2 worker ants
  9 adders
  3 gnolls (D:3)
  An adder skeleton (D:4)
  2 worms
  A dart slug (D:1)
  2 leopard geckos
  2 orcs
  A ball python (D:2)
  5 giant cockroaches
  7 goblins
  7 hobgoblins
  7 jackals
  2 quokkas
  7 bats
  2 frilled lizards (D:3)
  6 kobolds
  A leopard gecko skeleton (D:4)
  7 rats
81 creatures vanquished.

Notes
Turn   | Place    | Note
-------+----------+-------------------------------------------
     0 | D:1      | WytchHunter the Felid Transmuter began the quest for the Orb.
     0 | D:1      | Reached XP level 1. HP: 9/9 MP: 4/4
   700 | D:1      | Reached XP level 2. HP: 12/12 MP: 4/6
  1777 | D:2      | Reached XP level 3. HP: 10/15 MP: 5/7
  1782 | D:2      | Learned a level 3 spell: Spider Form
  2156 | D:2      | Reached skill level 3 in Transmutations
  2387 | D:2      | Reached XP level 4. HP: 19/19 MP: 4/8
  2955 | D:3      | Reached skill level 4 in Transmutations
  3490 | D:3      | Found a glowing golden altar of the Shining One.
  3800 | D:3      | Reached skill level 5 in Transmutations
  3800 | D:3      | Reached XP level 5. HP: 22/22 MP: 5/9
  3923 | D:3      | Found an iron altar of Okawaru.
  4020 | D:3      | Found a snail-covered altar of Cheibriados.
  5091 | D:4      | Noticed an ogre
  5111 | D:4      | Killed an ogre
  5111 | D:4      | Reached skill level 6 in Transmutations
  5111 | D:4      | Gained mutation: You are covered in thick fur. (AC +2) [Felid growth]
  5111 | D:4      | Reached XP level 6. HP: 25/25 MP: 4/10
  5429 | D:4      | Reached skill level 7 in Transmutations
  6269 | D:5      | Entered Level 5 of the Dungeon
  6507 | D:5      | Reached skill level 5 in Unarmed Combat
  6507 | D:5      | Reached XP level 7. HP: 12/28 MP: 8/11
  6512 | D:5      | Killed from afar by an orc priest
  6513 | D:5      | Reached XP level 6. HP: -3/25 MP: 8/10
  6525 | D:5      | Learned a level 2 spell: Sticks to Snakes
  6579 | D:5      | Killed from afar by an orc priest
  6580 | D:5      | Reached XP level 5. HP: -1/22 MP: 7/9
  6582 | D:5      | Quit the game

Skill      XL: |  1  2  3  4  5  6 |
---------------+-------------------+-----
Unarmed Combat | 4 5 |  5.4
Transmutations | 3 5 6 7 |  7.2
Fighting       | |  1.0
Dodging        | |  2.6
Spellcasting   | |  2.0

Action                   |  1- 3 |  4- 6 |  7- 9 || total
-------------------------+-------+-------+-------++-------
Melee: Unarmed           |   124 |   157 |       ||   281
       Bite              |     6 |     1 |       ||     7
       Headbutt          |     5 |     1 |       ||     6
       Punch             |     2 |       |       ||     2
 Cast: Beastly Appendage |    16 |     4 |       ||    20
       Spider Form       |     6 |    32 |       ||    38
  Use: Scroll            |     6 |     8 |       ||    14
       Potion            |     2 |     3 |       ||     5
 Stab: Sleeping          |     5 |     3 |       ||     8
       Invisible         |       |     5 |       ||     5
  Eat: Chunk             |    11 |    13 |       ||    24
Armor: Skin              |     6 |     7 |       ||    13
Dodge: Dodged            |   115 |   142 |       ||   257
